 Dungeon Crawl Stone Soup version 0.27.1-33-g824d729ab1 (webtiles) character file.

Game seed: 4792000959423728015

727 pkoi the Insei (level 7, -1/57 HPs)
             Began as a Purple Draconian Monk on Dec 28, 2021.
             Was a Believer of Makhleb.
             Slain by a killer bee (7 damage)
             ... on level 5 of the Dungeon.
             The game lasted 00:06:19 (6267 turns).

pkoi the Insei (Purple Draconian Monk)              Turns: 6267, Time: 00:06:20

Health: -1/57      AC:  9    Str: 13    XL:     7   Next: 44%
Magic:  10/10      EV: 12    Int: 12    God:    Makhleb [**....]
Gold:   149        SH:  0    Dex: 14    Spells: 9/10 levels left

rFire    . . .     SeeInvis .     - Unarmed
rCold    . . .     Faith    .   (no shield)
rNeg     . . .     Spirit   .   (armour unavailable)
rPois    .         Reflect  .   (helmet restricted)
rElec    .         Harm     .   g - +2 cloak
rCorr    .         Rampage  .   (no gloves)
Will     +....                  (no boots)
Stlth    ++........             (no amulet)
HPRegen  0.19/turn              (no ring)
MPRegen  0.12/turn              (no ring)

@: brilliant, lethally poisoned (-1 -> -3), about to teleport, short of breath,
hasted (expiring), very quick
A: breathe power, AC +6, unfitting armour, cold-blooded
a: Breathe Dispelling Energy, Renounce Religion, Minor Destruction


You were on level 5 of the Dungeon.
You worshipped Makhleb.
Makhleb was pleased with you.
You visited 1 branch of the dungeon, and saw 5 of its levels.

You collected 149 gold pieces.

Inventory:

Hand Weapons
 c - a +0 dagger
 m - a +1 whip of venom
Missiles
 f - 7 curare-tipped darts (quivered)
 p - 13 poisoned darts
Armour
 g - a +2 cloak (worn)
Scrolls
 b - a scroll of teleportation
 d - a scroll of magic mapping {unknown}
 e - a scroll of amnesia {unknown}
 j - a scroll of summoning {unknown}
 o - a scroll of fear {unknown}
Potions
 h - a potion of might
 i - a potion of haste
 k - a potion of ambrosia
 l - 2 potions of brilliance


   Skills:
 - Level 3.2 Fighting
 - Level 2.6 Dodging
 - Level 1.7 Stealth
 + Level 6.9 Unarmed Combat
 - Level 2.0 Spellcasting
 - Level 1.8 Translocations
 + Level 4.7 Invocations


You had 9 spell levels left.
You knew the following spells:

 Your Spells              Type           Power      Damage    Failure   Level
a - Apportation           Tloc           16%        N/A       13%         1

Your spell library contained the following spells:

 Spells                   Type           Power      Damage    Failure   Level
 Magic Dart               Conj           4%         1d3       26%         1
 Sandblast                Erth           2%         2d4       26%         1
 Passwall                 Tmut/Erth      0%         N/A       38%         2
 Searing Ray              Conj           2%         3d3       38%         2
 Fulminant Prism          Conj/Hex       0%         3d6       95%         4
 Alistair's Intoxication  Tmut/Pois      0%         N/A       100%        5
 Lee's Rapid Deconstruct  Erth           0%         3d5*      100%        5
 Invisibility             Hex            0%         N/A       100%        6


Dungeon Overview and Level Annotations

Branches:
Dungeon (5/15)
 Temple: D:4-7

Altars:
Ashenzari
Cheibriados
Hepliaklqana
Kikubaaqudgha
Makhleb
Uskayaw
Zin

Annotations:
D:3 1 runed translucent door, comborobin's ghost, weakling TeDe


Innate Abilities, Weirdness & Mutations

You can breathe bolts of dispelling energy.
Your rich purple scales are hard. (AC +6)
You cannot fit into any form of body armour.
You are cold-blooded and may be slowed by cold attacks.


Message History

You bump into the rock wall.
* * * LOW HITPOINT WARNING * * *
You feel very sick. The killer bee stings you.
* * * LOW HITPOINT WARNING * * *
You are more poisoned.
The killer bee poisons you!
It was a potion of brilliance.
You feel clever all of a sudden.
* * * LOW HITPOINT WARNING * * *
You feel very sick.
The killer bee stings you but does no damage. x2
It was a potion of curing.
You feel better.
You feel less invigorated. The killer bee stings you.
* * * LOW HITPOINT WARNING * * *
Press: ? - help, Shift-Dir - straight line, f - killer bee
Aim: a killer bee You breathe a bolt of dispelling energy.
The bolt of dispelling energy misses the killer bee.
The bolt of dispelling energy hits the killer bee!
The killer bee is heavily wounded.
You hear an angry hiss.
The killer bee stings you but does no damage.
Unknown command.
Unknown command.
As you read the scroll labelled IWI SEIPLEY, it crumbles to dust.
You hear a loud clanging noise!
It was a scroll of noise.
You hear a shout!
You hear a bark!
The killer bee stings you.
* * * LOW HITPOINT WARNING * * *
You are poisoned.
The killer bee poisons you! The killer bee misses you.
As you read the scroll labelled GUTZEE FESKUWK, it crumbles to dust.
You feel strangely unstable.
It was a scroll of teleportation.
Your extra speed is starting to run out.
You feel sick. The killer bee misses you.
You feel sick.
You feel sick. The killer bee stings you!
You die...

..###..........#####.[.......
...............# ####........
..###..........###.....##....
..###..............##.## ...
###............######.# ..
##..##...........####.###
...###........##.#.......
#####..............##.#####
................@yy.y.....#
.####..........######S###...#
.## #..........# ..# .
..#####+###....# #.## #...#
#...## S. ....# #..## y##
.#..+ +.. . .#.## . ####


You could see 3 killer bees and an adder.

Vanquished Creatures
  2 necrophages
  A centaur (D:5)
  A scorpion (D:3)
  2 killer bees (D:5)
  A hound (D:3)
  2 orc priests (D:5)
  An iguana (D:4)
  A hound skeleton (D:4)
  A howler monkey skeleton (D:5)
  6 adders
  4 gnolls
  A white imp (D:5)
  2 worms
  2 dart slugs
  8 orcs
  5 endoplasms
  4 goblins
  6 hobgoblins
  6 jackals
  4 quokkas
  3 ball pythons
  4 bats
  4 frilled lizards
  10 kobolds
  6 rats
87 creatures vanquished.

Notes
Turn   | Place    | Note
-------+----------+-------------------------------------------
     0 | D:1      | pkoi the Draconian Monk began the quest for the Orb.
     0 | D:1      | Reached XP level 1. HP: 19/19 MP: 1/1
   264 | D:1      | Reached XP level 2. HP: 17/26 MP: 2/2
   474 | D:1      | Learned a level 1 spell: Apportation
  1622 | D:1      | Reached skill level 4 in Unarmed Combat
  1622 | D:1      | Reached XP level 3. HP: 20/31 MP: 2/4
  1751 | D:2      | Reached skill level 1 in Translocations
  2117 | D:2      | Reached skill level 1 in Spellcasting
  2284 | D:1      | Reached XP level 4. HP: 23/38 MP: 5/5
  2655 | D:2      | Found a faded altar of an unknown god.
  3408 | D:3      | Found a runed translucent door.
  3408 | D:3      | Noticed a bullfrog
  3415 | D:3      | Noticed comborobin's ghost (weakling TeDe)
  3652 | D:3      | Found an ancient bone altar of Kikubaaqudgha.
  3658 | D:3      | Found a hide-covered altar of Uskayaw.
  3658 | D:3      | Found a hazy altar of Hepliaklqana.
  3658 | D:3      | Found a burning altar of Makhleb.
  3671 | D:3      | Became a worshipper of Makhleb the Destroyer
  3671 | D:3      | Reached * piety under Makhleb
  3671 | D:3      | Reached ** piety under Makhleb
  3690 | D:3      | Found a snail-covered altar of Cheibriados.
  4135 | D:4      | Reached XP level 5. HP: 45/45 MP: 7/7
  4190 | D:3      | Reached skill level 5 in Unarmed Combat
  4195 | D:3      | Reached skill level 1 in Invocations
  4776 | D:4      | Noticed a necrophage
  4785 | D:4      | Reached XP level 6. HP: 51/51 MP: 8/8
  5042 | D:4      | Found a glowing silver altar of Zin.
  5043 | D:4      | Found a broken altar of Ashenzari.
  5180 | D:4      | Reached skill level 6 in Unarmed Combat
  5520 | D:5      | Entered Level 5 of the Dungeon
  5657 | D:5      | Your scales start taking on a rich purple colour.
  5657 | D:5      | Reached XP level 7. HP: 27/57 MP: 8/10
  6267 | D:5      | Slain by a killer bee

Illustrated notes

Levels and vault maps discovered:
D:1:      heliophobic_arrival_battle_scene, layout_basic, minmay_misc_feat_x
D:2:      layout_rooms, basic_ecumenical_altar, kennysheep_generic_room_6
D:3:      layout_loops_ring, cheibriados_altar_1, grunt_temple_overflow_open,
          ebering_ghost_sewer_d, nrook_loot_triangle
D:4:      layout_cave_pools, mainiacjoe_overflow_divided_tiny
D:5:      layout_rooms, minmay_temple_entry_hall

Skill      XL: |  1  2  3  4  5  6 |
---------------+-------------------+-----
Unarmed Combat | 4 5 6 |  6.9
Translocations | 1 |  1.8
Spellcasting   | 1 2 |  2.0
Invocations    | 2 4 |  4.7
Fighting       | |  3.2
Dodging        | |  2.6
Stealth        | |  1.7

Action                   |  1- 3 |  4- 6 |  7- 9 || total
-------------------------+-------+-------+-------++-------
Melee: Unarmed           |    95 |   239 |    43 ||   377
       Tailslap          |     9 |    33 |     7 ||    49
       Punch             |       |     6 |     1 ||     7
       Whip              |       |    11 |       ||    11
 Abil: Breathe Dispellin |       |       |     2 ||     2
  Use: Potion            |       |     1 |     5 ||     6
       Scroll            |       |       |     2 ||     2
 Stab: Sleeping          |     2 |     3 |       ||     5
Armor: Skin              |    24 |   102 |    18 ||   144
Dodge: Dodged            |    60 |   178 |    29 ||   267
